Map: Selva profunda EE

Players

GeGe

  • Race: Protoss Protoss
  • Spawn Location: 7:00

MYTH

  • Race: Terran Terran
  • League: Silver
  • Spawn Location: 7:00

Ravager

  • Race: Terran Terran
  • League: Silver
  • Spawn Location: 7:00

TATORREA - Winner!

  • Race: Protoss Protoss
  • League: Silver
  • Spawn Location: 3:00

MrFercho - Winner!

  • Race: Zerg Zerg
  • League: Silver
  • Spawn Location: 1:00

tigro - Winner!

  • Race: Terran Terran
  • League: Bronze
  • Spawn Location: 1:00

VOD

Have the link to the VOD?

Description

Time

  • Played on: June 24, 2020, 10:11 p.m.
  • Length: 14:29
Show
View Real Time Build Order
Export as new Build Order

GeGe Protoss 

Build Orders:  

Get SALT Encoding   

  12  0:09  Assimilator  
  12  0:29  Pylon  
  12  0:38  Probe  
  13  0:50  Probe  
  14  0:58  Gateway  
  14  1:03  Probe  
  15  1:10  Pylon  
  15  1:15  Probe  
  15  1:16  Forge  
  16  1:27  Probe  
  17  2:06  Photon Cannon  
  17  2:10  Photon Cannon  
  17  2:11  Photon Cannon  
  17  2:14  Cybernetics Core  
  17  2:18  Pylon  
  17  2:22  Pylon  
  17  2:25  Assimilator  
  17  3:01  Pylon  
  17  3:12  Pylon  
  17  3:25  Pylon  
  16  3:38  Probe  
  17  3:50  Probe  
  18  4:02  Photon Cannon, Probe  
  19  4:07  Pylon  
  19  4:11  Pylon  
  19  4:14  Probe  
  20  4:24  Pylon  
  20  4:26  Nexus  
  20  4:27  Probe  
  21  4:43  Photon Cannon  
  21  4:48  Photon Cannon  
  21  4:51  Photon Cannon  
  20  5:39  Pylon  
  20  5:44  Nexus  
  20  5:59  Photon Cannon  
  20  6:00  Photon Cannon  
  20  6:09  Photon Cannon  
  20  6:16  Pylon  
  20  6:27  Photon Cannon  
  20  6:30  Photon Cannon  
  20  6:31  Photon Cannon  
  20  6:34  Photon Cannon  
  20  6:36  Photon Cannon  
  20  6:39  Photon Cannon  
  20  6:42  Photon Cannon  
  20  7:07  Stargate  
  20  7:08  Stargate  
  20  7:16  Probe  
  21  7:28  Probe  
  22  7:36  Assimilator  
  22  7:40  Probe  
  22  7:42  Stargate  
  23  7:52  Probe  
  24  7:58  Assimilator  
  24  8:04  Probe  
  25  8:12  Photon Cannon  
  25  8:16  Photon Cannon  
  25  8:17  Probe  
  26  8:29  Probe  
  27  8:41  Probe  
  28  8:53  Probe  
  29  9:05  Probe  
  30  9:17  Probe  
  30  9:22  Void Ray x3, Fleet Beacon  
  42  10:02  Pylon  
  42  10:05  Void Ray x2  
  43  10:23  Pylon  
  43  10:27  Pylon  
  43  10:31  Probe  
  44  10:39  Photon Cannon  
  44  10:41  Photon Cannon  
  44  10:43  Photon Cannon, Probe  
  44  10:46  Photon Cannon  
  44  10:48  Photon Cannon  
  45  10:50  Photon Cannon  
  45  10:55  Probe  
  46  11:07  Probe  
  47  11:19  Probe  
  48  11:32  Probe  
  49  11:44  Probe  
  50  12:05  Probe  
  50  12:07  Protoss Air Weapons Level 1  
  51  12:17  Probe  
  51  12:18  Carrier x2  
  51  12:19  Carrier  
  70  12:29  Probe  
  71  12:41  Probe  
  72  12:53  Probe  
  73  13:22  Void Ray x2  
  73  13:23  Void Ray  
Show
View Real Time Build Order
Export as new Build Order

MYTH Terran 

Build Orders:  

Get SALT Encoding   

  12  0:26  SCV  
  13  0:38  SCV  
  14  0:44  Supply Depot  
  14  0:50  SCV  
  15  1:14  Supply Depot  
  15  1:20  SCV  
  16  1:28  Refinery  
  16  1:32  SCV  
  17  1:38  Barracks  
  17  1:44  Barracks, SCV  
  18  1:56  SCV  
  18  2:08  SCV  
  19  2:20  SCV  
  20  2:26  Engineering Bay  
  20  2:32  SCV  
  21  2:40  Barracks  
  21  2:45  SCV  
  21  2:50  Barracks  
  22  2:57  SCV  
  22  3:09  SCV  
  22  3:12  Bunker  
  23  3:34  Bunker  
  23  3:53  Refinery  
  23  3:54  SCV  
  24  4:06  Marine, SCV  
  26  4:12  Factory  
  26  4:23  Marine  
  27  4:25  Command Center  
  27  4:36  Command Center  
  27  4:41  Marine  
  28  4:46  SCV  
  29  4:58  SCV  
  29  4:59  Barracks, Marine, Factory Tech Lab  
  31  5:23  Planetary Fortress  
  31  5:32  Supply Depot  
  31  5:33  Supply Depot  
  31  5:35  Supply Depot  
  31  5:36  Siege Tank  
  33  6:02  Marine x2  
  35  6:08  Siege Tank  
  35  6:10  Starport  
  38  6:19  Marine  
  38  6:20  Marine, Missile Turret  
  40  6:37  Marine x2  
  38  6:55  Marine x2  
  38  6:56  Starport Reactor  
  31  7:13  Marine  
  24  8:12  Command Center, Refinery x2  
  24  8:15  Command Center  
  24  8:16  Barracks  
  24  8:17  Missile Turret  
  24  8:19  Refinery  
  24  8:39  Missile Turret  
Show
View Real Time Build Order
Export as new Build Order

Ravager Terran 

Build Orders:  

Get SALT Encoding   

  12  0:02  SCV  
  13  0:14  SCV  
  14  0:22  Supply Depot  
  14  0:26  SCV  
  15  0:35  Refinery  
  15  0:37  Refinery  
  15  0:44  SCV  
  16  0:57  Barracks  
  16  1:02  SCV  
  17  1:14  SCV  
  18  1:26  SCV  
  19  1:38  SCV  
  20  1:52  Factory  
  20  2:00  Orbital Command  
  20  2:21  Command Center  
  20  2:27  SCV  
  21  2:41  Reaper  
  22  2:54  Factory Reactor  
  22  2:56  Starport  
  22  3:04  Starport, SCV  
  23  3:33  SCV  
  24  3:36  Starport Tech Lab  
  24  3:38  Factory Tech Lab  
  24  3:40  Fusion Core  
  24  3:43  Starport Tech Lab  
  24  3:45  SCV  
  25  3:57  SCV  
  25  4:00  Orbital Command  
  26  4:09  SCV  
  27  4:15  Supply Depot  
  27  4:21  SCV  
  28  4:29  Battlecruiser  
  34  4:33  SCV  
  35  4:45  SCV  
  37  4:57  SCV  
  37  4:59  Hellion x2  
  41  5:12  Orbital Command  
  41  5:20  Hellion  
  43  6:17  SCV  
  44  6:20  SCV  
  45  6:29  SCV  
  45  6:31  Supply Depot  
  46  6:35  Supply Depot  
  46  6:42  Starport  
  46  6:52  SCV x2  
  46  6:53  Supply Depot, Command Center, Battlecruiser  
  54  6:57  Hellion x2  
  54  6:59  Supply Depot  
  58  7:05  SCV x2  
  60  7:15  Battlecruiser  
  66  7:17  Supply Depot  
  66  7:19  Hellion  
  66  7:21  Starport Tech Lab  
  66  7:22  Supply Depot  
  68  7:24  Supply Depot  
  68  7:40  Supply Depot  
  68  7:41  Battlecruiser  
  74  7:44  Supply Depot  
  74  7:51  SCV  
  75  8:00  Barracks  
  75  8:03  SCV  
  75  8:04  Barracks  
  76  8:07  Barracks  
  76  8:09  Barracks  
  76  8:12  Battlecruiser  
  82  8:15  SCV  
  83  8:22  Orbital Command  
  83  8:28  SCV  
  83  8:33  SCV  
  85  8:40  SCV  
  86  8:45  SCV  
  87  8:50  Refinery  
  87  8:52  SCV  
  87  8:53  Refinery  
  88  9:01  Barracks Tech Lab x2  
  88  9:02  Barracks Tech Lab  
  88  9:03  Barracks Tech Lab  
  76  9:27  Marine x5  
  81  9:44  Marine  
  81  9:45  Marine x4  
  86  10:01  Battlecruiser  
  86  10:02  Marine x2, Battlecruiser x2  
  86  10:03  Marine x3  
  105  10:16  SCV x2  
  105  10:20  Marine x3  
  110  10:28  SCV x2  
  112  10:51  Orbital Command  
  112  10:58  Marine  
  112  10:59  Marine x4  
  117  11:06  Battlecruiser  
  123  11:12  Combat Shield  
  123  11:14  Stimpack  
  123  11:16  Marine, Concussive Shells  
  123  11:17  Marine x4  
  128  11:22  Battlecruiser x2  
  140  11:29  Supply Depot  
  140  11:34  Marine  
  140  11:35  Marine x4  
  145  11:51  Supply Depot  
  145  11:52  Marine x5  
  150  12:10  Medivac, Marine x5  
  132  12:26  Medivac x2  
  132  12:27  Marine  
  132  12:28  Marine x3  
  140  12:31  SCV  
  141  12:43  Marine  
  141  12:44  SCV  
  143  12:45  Marine  
  143  12:46  Marine  
  145  12:56  SCV  
  118  13:08  SCV  
  77  13:20  SCV  
Show
View Real Time Build Order
Export as new Build Order

TATORREA Protoss - Winner!

Build Orders: 1 Gate Expand, Carriers 

Get SALT Encoding   

  12  0:01  Probe  
  13  0:13  Probe  
  14  0:25  Probe  
  14  0:26  Pylon  
  15  0:44  Probe  
  15  0:48  Gateway  
  16  0:58  Probe  
  17  1:07  Probe  
  17  1:09  Assimilator  
  18  1:14  Pylon  
  18  1:16  Probe  
  19  1:28  Probe  
  20  1:40  Probe  
  20  1:42  Nexus  
  21  2:09  Pylon  
  21  2:15  Probe  
  21  2:16  Cybernetics Core  
  22  2:24  Assimilator, Probe  
  22  2:26  Assimilator  
  23  2:32  Probe  
  24  2:41  Zealot  
  24  2:42  Probe  
  27  2:54  Warp Gate  
  27  3:07  Probe  
  27  3:11  Probe  
  29  3:19  Probe  
  30  3:23  Probe  
  31  3:31  Probe  
  32  3:35  Probe  
  32  3:36  Stargate  
  33  3:43  Probe  
  33  3:48  Probe  
  35  3:52  Assimilator  
  35  3:55  Probe  
  35  3:59  Stalker  
  35  4:00  Probe  
  39  4:08  Probe  
  40  4:12  Probe  
  41  4:20  Probe  
  41  4:23  Fleet Beacon  
  43  4:24  Probe  
  43  4:27  Stargate  
  43  4:32  Probe  
  43  4:36  Probe  
  45  4:41  Nexus  
  45  4:43  Pylon  
  45  4:44  Probe  
  45  4:45  Pylon  
  46  4:48  Probe  
  46  4:49  Pylon  
  47  4:56  Probe  
  48  5:03  Probe  
  49  5:08  Probe  
  50  5:15  Probe  
  51  5:22  Probe  
  51  5:27  Probe  
  53  5:34  Carrier x2, Probe  
  66  5:39  Probe  
  66  5:41  Stalker  
  69  5:47  Probe  
  70  5:52  Assimilator, Probe  
  70  5:53  Probe  
  70  5:55  Assimilator  
  72  5:57  Protoss Air Weapons Level 1  
  72  5:59  Probe  
  72  6:04  Probe  
  74  6:05  Probe  
  74  6:10  Nexus  
  75  6:11  Probe  
  75  6:15  Pylon  
  75  6:16  Probe  
  75  6:17  Pylon  
  75  6:18  Probe  
  75  6:23  Probe  
  72  6:38  Tempest  
  75  6:45  Probe x3  
  72  6:57  Probe x2  
  72  6:59  Probe  
  75  7:02  Assimilator  
  75  7:06  Assimilator  
  75  7:09  Probe x2  
  77  7:17  Probe  
  77  7:21  Tempest, Carrier, Probe x2  
  91  7:51  Probe  
  91  7:52  Probe x3  
  95  8:03  Probe  
  95  8:04  Carrier, Probe x3  
  105  8:16  Probe x3  
  108  8:23  Probe  
  108  8:25  Tempest  
  114  8:28  Probe x2  
  116  8:40  Pylon  
  116  8:43  Pylon  
  116  8:49  Nexus  
  116  8:51  Pylon, Probe x3  
  116  8:53  Probe  
  116  8:55  Assimilator  
  120  8:58  Pylon  
  120  9:02  Assimilator  
  120  9:08  Carrier, Tempest, Pylon  
  131  9:11  Pylon  
  131  9:17  Pylon  
  131  9:23  Pylon  
  131  9:26  Stargate  
  131  9:29  Stargate  
  131  9:32  Cybernetics Core  
  131  9:48  Protoss Air Weapons Level 2  
  131  9:57  Carrier  
  137  10:03  Protoss Air Armor Level 1  
  137  10:12  Tempest  
  137  10:13  Carrier  
  142  10:19  Tempest  
  153  10:45  Carrier  
  153  10:51  Tempest  
  153  10:53  Carrier  
  170  11:14  Tempest  
  175  11:34  Carrier  
  181  11:49  Tempest  
  186  11:57  Tempest  
  186  11:58  Carrier  
  197  12:04  Protoss Air Armor Level 2  
  180  13:24  Tempest, Carrier x2  
Show
View Real Time Build Order
Export as new Build Order

MrFercho Zerg - Winner!

Build Orders: Hatch First 

Get SALT Encoding   

  12  0:01  Drone  
  13  0:15  Overlord  
  13  0:19  Drone  
  14  0:34  Drone x2  
  16  1:00  Drone x3  
  16  1:02  Hatchery  
  18  1:17  Drone  
  18  1:18  Spawning Pool  
  18  1:22  Drone  
  19  1:28  Extractor  
  18  1:35  Drone  
  19  1:44  Drone  
  20  2:04  Drone  
  21  2:14  Queen  
  21  2:15  Queen  
  25  2:17  Zergling x6  
  28  2:28  Overlord  
  28  2:29  Overlord  
  28  3:08  Zergling x4  
  28  3:09  Zergling x8  
  31  3:49  Zergling x12  
  31  3:52  Metabolic Boost  
  37  4:10  Baneling Nest  
  36  4:19  Drone x4  
  40  4:28  Evolution Chamber  
  39  4:32  Drone x2  
  41  4:49  Overlord x3, Hatchery  
  41  4:50  Overlord  
  40  4:53  Zergling x8  
  31  5:55  Zergling x2  
  31  5:56  Zergling x32  
  47  6:06  Baneling x2  
  46  6:17  Zergling x10  
  46  6:18  Zergling x6  
  54  6:35  Zerg Ground Armor Level 1  
  54  6:38  Lair  
  54  6:46  Zergling x8  
  49  7:17  Zergling x18  
  56  7:39  Drone x3  
  56  7:40  Drone, Spire  
  59  7:46  Extractor  
  59  7:48  Baneling x11  
  59  7:49  Extractor  
  57  8:04  Zergling x26  
  70  8:58  Drone x12  
  82  9:06  Zerg Flyer Weapons Level 1  
  82  9:10  Overlord x3  
  82  9:11  Overlord x2  
  82  9:12  Overlord  
  75  9:48  Baneling x2  
  75  9:49  Baneling x13  
  67  10:20  Centrifical Hooks  
  67  10:23  Zerg Melee Weapons Level 1  
  67  10:34  Mutalisk x2  
  71  10:41  Extractor  
  70  10:50  Drone x9  
  70  10:51  Drone x5  
  84  11:35  Extractor  
  84  11:36  Mutalisk x4  
  84  11:37  Mutalisk x2  
  84  11:38  Extractor  
  83  12:22  Corruptor x5  
  74  12:48  Infestation Pit  
  73  12:56  Hatchery  
  72  13:16  Corruptor x4  
  72  13:52  Corruptor  
  74  14:00  Zergling x26  
Show
View Real Time Build Order
Export as new Build Order

tigro Terran - Winner!

Build Orders:  

Get SALT Encoding   

  12  0:02  SCV  
  13  0:14  SCV  
  14  0:26  SCV  
  15  0:30  Supply Depot  
  15  0:36  Refinery  
  15  0:51  SCV  
  16  0:58  Barracks  
  16  1:04  SCV  
  17  1:06  Refinery  
  17  1:16  SCV  
  18  1:28  SCV  
  18  1:29  Supply Depot  
  19  1:40  SCV  
  20  1:48  Marine  
  20  1:52  SCV  
  22  2:04  Barracks  
  22  2:06  Marine  
  23  2:09  SCV  
  24  2:21  SCV  
  25  2:24  Marine  
  26  2:35  Orbital Command  
  26  2:42  Marine  
  27  2:53  Barracks Reactor  
  27  2:54  Factory  
  27  3:00  Marine  
  28  3:57  Factory Tech Lab  
  28  3:59  Barracks Tech Lab  
  28  4:25  Siege Tank  
  28  4:27  Combat Shield  
  28  4:30  Marine  
  28  4:31  Marine x2  
  34  4:45  Starport  
  34  4:48  Marine x3  
  34  4:52  Engineering Bay  
  37  5:06  Marine x3  
  40  5:20  Armory  
  40  5:22  Medivac  
  40  5:23  Starport  
  40  5:24  Marine x3  
  45  5:42  Marine  
  46  5:46  Stimpack  
  46  5:51  Terran Infantry Weapons Level 1  
  46  6:38  Command Center  
  46  6:53  Marine x2  
  46  6:54  Marine  
  32  7:10  Marine  
  32  7:11  Marine x2  
  34  7:26  Concussive Shells  
  34  7:28  Marine  
  34  7:29  Marine x2  
  37  7:45  Terran Infantry Armor Level 1  
  37  7:46  Marine x2  
  37  7:47  Marine  
  40  7:56  SCV  
  41  8:02  Refinery  
  41  8:04  Marine x2  
  41  8:05  Marine  
  44  8:08  SCV  
  44  8:09  Starport Tech Lab x2  
  45  8:20  SCV  
  45  8:23  Marine  
  47  8:32  SCV  
  48  8:44  SCV  
  31  9:39  Neosteel Armor  
  31  9:43  Refinery  
  31  9:55  Fusion Core  
  31  10:24  Marine x3  
  34  10:30  Planetary Fortress  
  34  10:42  Marine x3  
  37  10:43  Supply Depot  
  37  10:44  Weapon Refit  
  37  10:47  Medivac x2  
  41  10:59  Marine  
  41  11:00  Marine x2  
  44  11:06  Supply Depot  
  44  11:10  SCV  
  45  11:17  Marine, Battlecruiser  
  45  11:18  Marine x2, Battlecruiser  
  60  11:19  Hi-Sec Auto Tracking  
  60  11:22  SCV  
  61  11:30  Supply Depot  
  61  11:34  SCV  
  61  11:35  Marine  
  63  11:46  SCV  
  64  11:56  Marine x3  
  64  11:59  SCV  
  68  12:14  Marine x3  
  71  12:16  Missile Turret  
  71  12:25  Rapid Reignition System  
  68  12:31  Marine  
  68  12:32  Marine x2  
  61  12:40  Missile Turret  
  57  12:49  Marine x3  
  60  12:53  Medivac x2  
  64  13:01  Missile Turret  
  64  13:07  Marine x3  
  67  13:21  Missile Turret  
  67  13:23  Battlecruiser  
  67  13:24  Battlecruiser  
  67  13:25  Marine x3  
  82  13:31  Thor  
  86  13:43  Marine x3  
  85  14:00  Marine  
  85  14:01  Marine x2  
Tags
 
Add a new tag
Caveats
  • Supply blocks, unpowered buildings, or Contaminate may cause inaccurate times.
  • Supply counts are checked every 10 seconds.